 Dungeon Crawl Stone Soup version 0.20.1-1-g8b1a95d (webtiles) character file.

111 Giltor the Sneak (level 4, -1/21 HPs)
             Began as a Spriggan Enchanter on July 28, 2017.
             Killed by divine providence
             ... invoked by an orc priest
              (17 damage)
             ... on level 3 of the Dungeon.
             The game lasted 00:26:06 (2520 turns).

Giltor the Sneak (Spriggan Enchanter)               Turns: 2520, Time: 00:26:07

Health: -1/21      AC:  2    Str:  5    XL:     4   Next: 62%
Magic:  1/9        EV: 18    Int: 16    God:
Gold:   85         SH:  0    Dex: 16    Spells: 0/9 levels left

rFire    . . .     SeeInvis +   a - +1 dagger
rCold    + + .     Gourm    .   (shield restricted)
rNeg     . . .     Faith    .   b - +0 robe
rPois    .         Spirit   .   (helmet restricted)
rElec    .         Reflect  .   e - scarf {rC+ rF+}
rCorr    .         Harm     .   (gloves unavailable)
MR       .....                  (boots unavailable)
Stlth    +++.......             (no amulet)
Regen    0.1/turn               h - ring of see invisible
MPRegen  0.2/turn               f - ring of ice

@: very quick
A: unfitting armour, see invisible, herbivore 3, speed 3, slow metabolism 2
a: no special abilities


You were on level 3 of the Dungeon.
You were not hungry.

You visited 1 branch of the dungeon, and saw 3 of its levels.
You also visited: Sewer.

You collected 85 gold pieces.

Inventory:

Hand Weapons
 a - a +1 dagger (weapon)
Armour
 b - a +0 robe (worn)
 e - a scarf of resistance (worn)
Jewellery
 f - a ring of ice (right hand)
 h - a ring of see invisible (left hand)
Scrolls
 g - a scroll of remove curse
 i - a scroll of identify
Potions
 k - 2 potions of flight
 l - 2 potions of degeneration
 m - a potion of berserk rage {unknown}
Books
 c - a book of Maledictions

   Spells                             Type                      Level
   a - Corona                         Hexes                        1
   b - Ensorcelled Hibernation        Hexes/Ice                    2
   c - Confuse                        Hexes                        3
   d - Tukima's Dance                 Hexes                        3
   e - Dazzling Spray                 Conjuration/Hexes            3
Comestibles
 d - 3 bread rations
 j - a royal jelly
 n - 2 fruits


   Skills:
 - Level 2.0 Short Blades
 - Level 3.0 Dodging
 - Level 6.2 Stealth
 - Level 3.0 Spellcasting
 * Level 5.0 Hexes


You couldn't memorise any spells.
You knew the following spells:

 Your Spells              Type           Power        Failure   Level  Hunger
a - Corona                Hex            ###....      2%          1    #......
b - Ensorcelled Hibernat  Hex/Ice        ###...       10%         2    ##.....
c - Confuse               Hex            ###.....     7%          3    ###....
d - Tukima's Dance        Hex            ###.....     7%          3    ###....


Dungeon Overview and Level Annotations

Branches:
Dungeon (3/15)

Altars:
Elyvilon
Makhleb


Innate Abilities, Weirdness & Mutations

You are very small and have problems with some larger weapons.
You are too small for most types of armour.
You have supernaturally acute eyesight. (SInv)
You are a herbivore.
You cover ground extremely quickly.
You need consume almost no food.


Message History

You barely miss the orc.
The orc is moderately wounded.
The orc hits the orc but does no damage.
You hit the orc but do no damage.
The orc is moderately wounded.
You hit the orc.
The orc is heavily wounded.
The orc hits you but does no damage.
You hit the orc but do no damage.
The orc is heavily wounded.
You strike the helpless orc from behind!
You puncture the orc!
You kill the orc!
The orc priest calls upon Beogh to heal the orc.
The orc's wounds heal themselves!
You open the door.
The orc priest mumbles some strange prayers to Beogh against you.
Beogh smites you!
Ouch! That really hurt!
You die...

##........o.#.# #.
...........#o#....#
...........#.######
.###.#.#.#.#o......
#.....#.##......
###...#.##o..... #####
###...##......
......############...#..
......'@...o..oo).......
......############.#...#
..... ........### ....
#......#†. ...
#......#.# .# #$.....#.#
##......#.# ........#..
##......###


You could see an orc priest and an orc.

Vanquished Creatures
  A hound (D:2)
  2 adders (D:2)
  2 worms
  A dart slug (D:1)
  2 leopard geckos
  3 orcs (D:3)
  8 bats
  3 giant cockroaches
  A goblin (D:2)
  6 hobgoblins (D:2)
  5 kobolds
  3 frilled lizards (D:2)
  A quokka zombie (D:3)
  17 rats
55 creatures vanquished.

Notes
Turn   | Place    | Note
-------+----------+-------------------------------------------
     0 | D:1      | Giltor the Spriggan Enchanter began the quest for the Orb.
     0 | D:1      | Reached XP level 1. HP: 9/9 MP: 5/5
   266 | D:1      | Reached skill level 5 in Stealth
   395 | D:1      | Reached XP level 2. HP: 13/13 MP: 6/6
   399 | D:1      | Learned a level 2 spell: Ensorcelled Hibernation
   921 | D:2      | Reached XP level 3. HP: 16/16 MP: 5/8
   949 | D:2      | Found a burning altar of Makhleb.
   972 | D:2      | Reached skill level 6 in Stealth
   985 | D:2      | Learned a level 3 spell: Confuse
  1172 | D:2      | Reached XP level 4. HP: 15/21 MP: 1/9
  2020 | D:2      | Learned a level 3 spell: Tukima's Dance
  2034 | D:3      | Found a white marble altar of Elyvilon.
  2092 | D:3      | Found a glowing drain.
  2231 | Sewer    | Entered a sewer
  2485 | D:3      | Reached skill level 5 in Hexes
  2520 | D:3      | Killed from afar by an orc priest

Skill      XL: |  1  2  3  4 |
---------------+-------------+-----
Stealth        | 5 6 |  6.2
Hexes          | 4 5 |  5.0
Spellcasting   | 3 |  3.0
Short Blades   | 2 |  2.0
Dodging        | |  3.0

Action                   |  1- 3 |  4- 6 || total
-------------------------+-------+-------++-------
Melee: Dagger            |    95 |   110 ||   205
 Cast: Corona            |     5 |       ||     5
       Ensorcelled Hiber |     8 |     1 ||     9
       Confuse           |     3 |    14 ||    17
  Use: Scroll            |     3 |       ||     3
 Stab: Sleeping          |    13 |     5 ||    18
       Confused          |     1 |     5 ||     6
  Eat: Fruit             |     3 |       ||     3
Armor: Robe              |     6 |    10 ||    16
Dodge: Dodged            |    53 |    69 ||   122
